AoeStats
← renatomuzzi

Black Forest

509922992Analyzed
4v4 RM · 2d ago on Sep 28, 2026· 59m 30s· 8 players
Game mode
Random Map
Map size
Large (8 player)
Population
200
Speed
Normal
Resources
Standard
Victory
Conquest
Starting age
Dark Age
Ending age
Imperial Age
RankedLock teamsTeams togetherTeam positionsShared explorationLock speedFull tech treeHidden civsTurbo modeCheats
Victory
Defeat
🇨🇿 Romans · Czechia
557
+17
🇬🇧 Koreans · United Kingdom
556
+17
🇨🇿 Burgundians · Czechia
536
+18
🇨🇿 Bohemians · Czechia
524
+18
🇬🇧 Wu · United Kingdom
703
-22
🇨🇴 Georgians · Colombia
607
-19
🇩🇪 Goths · Germany
567
-17
🇧🇷 Japanese · Brazil
432
-12
tobhaeg
0:29 Loom
15:18 Feudal Age
22:16 Castle Age
20:21 Horse Collar
20:30 Double-Bit Axe
20:43 Gold Mining
22:33 Scale Mail Armor
23:12 Forging
25:20 Wheelbarrow
28:39 Squires
28:00 Pikeman
30:20 Iron Casting
30:00 Chain Mail Armor
29:51 Heavy Plow
30:14 Bow Saw
33:15 Hand Cart
36:38 Imperial Age
35:48 Anarchy
36:30 Caravan
37:01 Coinage
37:32 Man-at-Arms
38:13 Halberdier
39:17 Conscription
38:57 Perfusion
39:35 Crop Rotation
40:09 Two-Man Saw
40:12 Blast Furnace
39:33 Guilds
39:22 Elite Huskarl
39:50 Capped Ram
41:07 Long Swordsman
50:00 Husbandry
49:21 Cavalier
50:11 Bloodlines
49:22 Light Cavalry
53:16 Hussar
55:30 Scale Barding Armor
55:16 Fletching
56:49 Chain Barding Armor
56:56 Ballistics
56:31 Murder Holes
AngeloCDLM1946
0:41 Loom
13:34 Feudal Age
14:06 Town Watch
14:28 Double-Bit Axe
14:28 Horse Collar
17:03 Gold Mining
17:04 Stone Mining
20:48 Wheelbarrow
28:25 Castle Age
29:10 Town Patrol
29:51 Bow Saw
30:17 Stone Shaft Mining
31:07 Hand Cart
31:12 Bloodlines
32:20 Light Cavalry
33:01 Husbandry
36:20 Heavy Plow
38:54 Imperial Age
38:36 Fortified Wall
38:17 Guard Tower
39:12 Pikeman
39:20 Cavalier
40:24 Ballistics
39:45 Treadmill Crane
40:46 Caravan
42:35 Capped Ram
43:24 Svan Towers
42:46 Elite Skirmisher
44:04 Coinage
45:08 Siege Ram
45:25 Hussar
47:03 Heavy Scorpion
47:58 Masonry
50:57 Hoardings
49:52 Sappers
51:36 Halberdier
52:19 Elite Monaspa
guitarluis2003
0:29 Loom
10:53 Feudal Age
11:20 Double-Bit Axe
11:17 Horse Collar
16:47 Gold Mining
20:20 Stone Mining
23:12 Castle Age
22:20 Padded Archer Armor
22:10 Fletching
22:59 Forging
22:54 Scale Barding Armor
22:55 Scale Mail Armor
23:38 Bloodlines
23:20 Arson
24:20 Bow Saw
24:46 Heavy Plow
25:41 Gold Shaft Mining
25:39 Husbandry
26:15 Caravan
28:30 Iron Casting
27:53 Bodkin Arrow
29:17 Stone Shaft Mining
29:25 Leather Archer Armor
30:10 Iron Casting
31:03 Chain Barding Armor
33:58 Chain Mail Armor
34:33 Ballistics
35:30 Red Cliffs Tactics
38:17 Imperial Age
38:18 Stone Shaft Mining
38:21 Elite Fire Archer
39:22 Conscription
39:11 Sitting Tiger
38:44 Pikeman
39:26 Squires
39:37 Bracer
40:45 Chemistry
42:13 Two-Man Saw
42:20 Blast Furnace
42:27 Red Cliffs Tactics
42:10 Heavy Hei Guang Cavalry
49:00 Plate Barding Armor
55:33 Halberdier
renatomuzzi
1:08 Loom
11:32 Feudal Age
12:02 Town Watch
13:31 Double-Bit Axe
16:07 Horse Collar
19:06 Wheelbarrow
21:28 Gold Mining
26:31 Castle Age
24:55 Arson
26:07 Bloodlines
25:58 Stone Mining
27:11 Forging
27:06 Scale Barding Armor
28:33 Pikeman
29:19 Husbandry
30:27 Squires
30:04 Crossbowman
31:57 Heavy Plow
35:56 Padded Archer Armor
35:47 Fletching
37:10 Gold Shaft Mining
36:57 Bow Saw
38:13 Scale Mail Armor
38:09 Bodkin Arrow
39:00 Iron Casting
38:42 Leather Archer Armor
39:03 Thumb Ring
39:57 Caravan
44:36 Imperial Age
43:23 Hand Cart
43:31 Hand Cart
43:41 Chain Mail Armor
43:57 Chain Barding Armor
46:26 Arbalester
49:02 Blast Furnace
48:33 Plate Mail Armor
48:33 Ring Archer Armor
48:12 Bracer
48:30 Cavalier
49:04 Halberdier
50:57 Elite Skirmisher
52:30 Conscription
52:28 Town Patrol
55:16 Hoardings
MikinhoCZE
0:32 Loom
10:13 Feudal Age
16:04 Double-Bit Axe
16:14 Stone Mining
16:18 Gold Mining
19:03 Bow Saw
23:39 Castle Age
23:58 Stone Shaft Mining
24:00 Gold Shaft Mining
23:29 Horse Collar
25:52 Two-Man Saw
26:16 Wheelbarrow
29:34 Caravan
29:45 Heavy Plow
32:52 Hand Cart
36:56 Imperial Age
38:15 Crop Rotation
39:23 Scale Barding Armor
39:28 Forging
40:05 Conscription
42:06 Chain Barding Armor
41:46 Scale Mail Armor
42:22 Iron Casting
41:28 Elite Coustillier
44:21 Chemistry
44:52 Burgundian Vineyards
47:19 Plate Barding Armor
48:11 Blast Furnace
48:30 Chain Mail Armor
48:15 Arson
48:31 Squires
47:51 Man-at-Arms
Marryhuan84
2:41 Loom
12:14 Feudal Age
13:33 Wheelbarrow
12:47 Double-Bit Axe
25:46 Castle Age
25:16 Horse Collar
25:34 Gold Mining
25:35 Stone Mining
27:08 Hand Cart
27:09 Bow Saw
27:31 Caravan
30:45 Eupseong
37:46 Imperial Age
37:16 Squires
36:37 Pikeman
37:04 Arson
38:30 Forging
38:20 Scale Mail Armor
38:26 Scale Barding Armor
39:16 Halberdier
39:17 Elite Fire Lancer
39:23 Heavy Rocket Cart
41:16 Heavy Plow
43:01 Iron Casting
42:42 Chain Mail Armor
42:48 Chain Barding Armor
42:41 Masonry
42:11 Treadmill Crane
42:22 Heated Shot
43:36 Chemistry
42:08 Man-at-Arms
43:43 Fletching
44:30 Architecture
44:22 Ballistics
44:08 Siege Engineers
44:02 Murder Holes
45:26 Two-Man Saw
46:09 Conscription
46:09 Shinkichon
45:51 Eupseong
Dvor9269
0:49 Loom
12:46 Feudal Age
13:07 Horse Collar
13:16 Double-Bit Axe
15:53 Stone Mining
15:54 Gold Mining
23:26 Castle Age
25:25 Bow Saw
25:48 Heavy Plow
26:29 Gold Shaft Mining
32:21 Coinage
33:14 Caravan
38:28 Imperial Age
39:29 Ballistics
40:11 Chemistry
39:15 Scale Mail Armor
39:21 Scale Barding Armor
39:27 Forging
39:56 Banking
39:37 Guilds
42:17 Heavy Scorpion
42:19 Onager
43:05 Squires
42:25 Man-at-Arms
43:14 Ballistas
42:30 Elite Centurion
44:14 Crop Rotation
44:48 Long Swordsman
46:41 Legionary
48:53 Iron Casting
48:33 Chain Mail Armor
nLife GScott
0:30 Loom
13:57 Feudal Age
14:31 Double-Bit Axe
14:29 Horse Collar
28:04 Castle Age
29:01 Bow Saw
28:55 Heavy Plow
28:58 Caravan
29:52 Wheelbarrow
32:08 Hand Cart
36:39 Chemistry
38:34 Imperial Age
38:37 Elite Hussite Wagon
39:40 Conscription
39:50 Ballistics
40:53 Two-Man Saw
40:39 Houfnice
48:02 Fletching
48:13 Padded Archer Armor
54:16 Bodkin Arrow
54:36 Leather Archer Armor
Connection lost

Rejoining the realm…

Still unreachable

The connection could not be restored.

Session expired

The server has moved on; the page needs a fresh start.